 Dungeon Sprint DCSS version 0.17-a0-1763-g847a857 (webtiles) character file.

99813 Kidiri the Imperceptible (level 14, -18/59 HPs)
             Began as a Spriggan Enchanter on Sept 4, 2015.
             Was the Champion of Dithmenos.
             Hit by a large rock of returning thrown by Chuck (49 damage)
             ... in the Dungeon (Sprint III: "The Ten Rune Challenge").
             The game lasted 00:48:28 (10771 turns).

Kidiri the Imperceptible (Spriggan Enchanter)      Turns: 10771, Time: 00:48:29

Health: -18/59     AC:  8    Str:  4    XL:     14   Next: 99%
Magic:  25/38      EV: 39    Int: 25    God:    Dithmenos [******]
Gold:   3998       SH:  0    Dex: 21    Spells: 15 memorised, 1 level left

rFire  . . .     SeeInvis +     f - +8 quick blade
rCold  + + .     Clarity  .     B - +0 robe {rC+ rF+}
rNeg   . . .     SustAt   .     (shield restricted)
rPois  +         Gourm    .     d - +1 hat
rElec  +         Spirit   .     b - +0 cloak {+Inv}
rCorr  .         Warding  .     (gloves unavailable)
rMut   .         NoTele   +     (boots unavailable)
MR     ++...                    (no amulet)
Stlth  ++++++++++               A - ring of Vuxkixi {Ice rElec rPois Str+2 Int+2}
                                S - ring of Fefam {Int+4 Dex+2}

@: stone skin, wreathed by umbra, very quick, very resistant to hostile
enchantments, uncannily stealthy
A: unfitting armour, claws 1, see invisible, herbivore 3, speed 3, mutation
resistance 1, slow metabolism 2, weak 1, subdued magic 1
a: Shadow Step, Shadow Form, Renounce Religion, Evoke Invisibility
}: 2/10 runes: decaying, serpentine


You were in the Dungeon.
You worshipped Dithmenos.
Dithmenos was exalted by your worship.
You were not hungry.

You visited 1 branch You collected 5744 gold pieces.
You spent 1746 gold pieces at shops.

Inventory:

Hand weapons
 f - a +8 quick blade (weapon)
Armour
 b - a +0 cloak of invisibility (worn)
 d - a +1 hat (worn)
 B - a +0 robe of resistance (worn)
Jewellery
 A - the ring of Vuxkixi (right claw) {Ice rElec rPois Str+2 Int+2}
   (You took it off a deep elf master archer in the Dungeon)

   [ring of ice]

   It enhances your ice magic, and weakens your fire magic.
   It affects your strength (+2).
   It affects your intelligence (+2).
   It makes you vulnerable to fire.
   It protects you from cold.
   It insulates you from electricity.
   It protects you from poison.
 E - a +4 ring of strength
 R - an uncursed ring of protection from cold
 S - the ring of Fefam (left claw) {Int+4 Dex+2}
   (You found it in the Dungeon)

   [ring of intelligence]

   It affects your intelligence (+4).
   It affects your dexterity (+2).
Magical devices
 a - a wand of frost (22)
 x - a wand of confusion (20)
 L - a wand of confusion (32)
Scrolls
 h - 4 scrolls of silence
 j - a scroll of blinking
 m - a scroll of torment
 o - 4 scrolls of remove curse
 r - a scroll of holy word
 u - a scroll of enchant weapon {unknown}
 w - a scroll of fear {unknown}
 F - a scroll of amnesia
Potions
 c - 3 potions of might
 e - 3 potions of curing
 g - 2 potions of haste
 i - 2 potions of berserk rage
 k - a potion of resistance
 l - a potion of invisibility
 n - a potion of ambrosia
 q - 3 potions of flight
 t - a potion of cure mutation
 v - 2 potions of lignification
Comestibles
 p - 26 royal jellies
 s - 9 fruits


   Skills:
 + Level 13.7 Short Blades
 * Level 22.8 Dodging
 * Level 24.5 Stealth
 * Level 19.8 Spellcasting
 + Level 9.8 Conjurations
 + Level 15.3 Hexes
 + Level 9.5 Translocations
 + Level 8.7 Transmutations
 + Level 10.5 Ice Magic
 + Level 10.5 Air Magic
 + Level 5.9 Earth Magic
 + Level 11.7 Poison Magic
 - Level 2.2 Invocations
 + Level 8.5 Evocations


You had one spell level left.
You knew the following spells:

 Your Spells              Type           Power        Failure   Level  Hunger
a - Corona                Hex            ######.      0%          1    None
b - Ensorcelled Hibernat  Hex/Ice        ######       0%          2    None
c - Confuse               Hex            ######..     0%          3    None
d - Tukima's Dance        Hex            ######..     0%          3    None
e - Dazzling Spray        Conj/Hex       ######..     0%          3    None
f - Olgreb's Toxic Radia  Pois           ######..     1%          4    None
g - Poisonous Cloud       Conj/Pois/Air  ######....   1%          6    ##.....
h - Apportation           Tloc           #####.....   0%          1    None
i - Cure Poison           Pois           ######....   0%          2    None
j - Petrify               Trmt/Erth      #####...     1%          4    None
k - Shatter               Erth           #####.....   100%        9    #######
l - Stoneskin             Trmt/Erth      #####...     1%          2    None
m - Passwall              Trmt/Erth      #####.....   1%          3    None
n - Stone Arrow           Conj/Erth      #####.       1%          3    None
o - Lee's Rapid Deconstr  Erth           #####.....   2%          5    None


Dungeon Overview and Level Annotations

Branches:
Dungeon (1/1)

Altars:
Cheibriados
Dithmenos
Elyvilon
Fedhas
Gozag
Kikubaaqudgha
Makhleb
Nemelex Xobeh
Okawaru
Qazlal
Ru
Sif Muna
Trog
Vehumet
Xom
Yredelemnul
Zin
The Shining One
Jiyva
Lugonu

Shops:
D }[?([%:

Annotations:
D exclusion: orange crystal statue, Chuck


Innate Abilities, Weirdness & Mutations

You are tiny and cannot use many weapons and most armour.
You have supernaturally acute eyesight.
You are a herbivore.
You cover ground extremely quickly.
You need consume almost no food.
You have sharp fingernails.
You are somewhat resistant to further mutation.
You are weak. (Str -2)
Your spells are a little easier to cast, but a little less powerful.


Message History

Chuck is lightly wounded.
Your shadow mimicks your spell!
The shadow shard hits Chuck.
Chuck is engulfed in poison gas.
Chuck looks even sicker.
Chuck says, "Best rocks!
Rocks!"
Chuck throws a large rock of returning.
The large rock of returning hits you!
You emit a cloud of dark smoke.
The weapon returns to Chuck!
Casting: Dazzling Spray
Confirm with . or Enter, or press ? or * to list all spells.
Aiming: Dazzling Spray
Press: ? - help, Shift-Dir - straight line, f/p - Chuck
Aim: Chuck (poison gas, moderately wounded, poisoned, umbra)
The spray of energy hits Chuck.
Chuck is moderately wounded.
Your shadow mimicks your spell!
The shadow shard hits Chuck.
Chuck is engulfed in poison gas.
Chuck looks even sicker.
Chuck throws a large rock of returning.
The large rock of returning hits you!!!
Ouch! That really hurt!
You die...

*,,,,,,,*,,,,,,,,,*
*******,*,,,,,,,,,*
*,,,,,,,*,,,,,,,,,*
***+*******########
*,*,,,*,*,,,§§§)§C#
**,*,*,**≈≈≈≈§§≈§§#
*,,,*,*,*,,,,§§§§§#
*,,*,*,**,,,,§§§§§#
*,*,*,*,+,,,,,§§@§#
################§##
#)..#)..#(.#......#
#...#...#..#..PPP.#
##+###+##..#....P.#
#.......'..'..PPP.#
#.#####.####......#
'.#)..+.#..#......#
#######.+..#......#


You could see Chuck.

Vanquished Creatures
  the Lernaean hydra (D)
  A lich (D)
  Rupert (D)
  A deep elf master archer (D)
  Gastronok (D)
  2 sphinxes (D)
  Harold (D)
  A greater naga (D)
  4 azure jellies (D)
  Maud (D)
  2 dire elephants (D)
  A deep elf demonologist (D)
  3 deep elf annihilators (D)
  A fire dragon (D)
  2 mummy priests (D)
  2 deep elf death magi (D)
  A yaktaur captain (D)
  A naga warrior (D)
  An anaconda (shapeshifter) (D)
  3 hydras (D)
  2 centaur warriors (D)
  Erica (D)
  2 anacondas (D)
  4 dancing weapons (D)
  4 death yaks (D)
  4 hell knights (D)
  3 deep elf knights (D)
  An iron golem (D)
  A skeletal warrior (D)
  A giant orange brain (shapeshifter) (D)
  An unseen horror (D)
  A swamp dragon (D)
  A spriggan druid (D)
  2 deep elf summoners (D)
  A lindwurm (D)
  A death drake (D)
  Joseph (D)
  A mana viper (shapeshifter) (D)
  An orc sorcerer (D)
  2 ugly things (D)
  A manticore (shapeshifter) (D)
  An orc knight (D)
  A guardian serpent (D)
  2 elephants (D)
  6 black mambas (D)
  An eye of devastation (shapeshifter) (D)
  A komodo dragon (D)
  2 spiny frogs (D)
  A fire drake (D)
  3 wandering mushrooms (D)
  5 guardian mummies (D)
  A merfolk (shapeshifter) (D)
  4 spriggan defenders (D)
  A queen bee (D)
  3 slime creatures (D)
  3 orc high priests (D)
  8 blink frogs (D)
  3 redbacks (D)
  2 spriggans (D)
  A shadow (D)
  A spatial vortex (D)
  2 nagas (D)
  2 water moccasins (D)
  A necrophage (D)
  3 swamp drakes (D)
  2 centaurs (D)
  3 black mamba simulacra (D)
  An earth elemental (D)
  2 brain worms (D)
  A water elemental (D)
  A scorpion (D)
  32 killer bees (D)
  An electric eel (D)
  3 orc wizards (D)
  A jelly (D)
  2 necromancers (D)
  A wizard (D)
  2 orc priests (D)
  A polar bear simulacrum (D)
  3 humans (D)
  A kobold demonologist (D)
  6 adders (D)
  9 orcs (D)
  4 rats (D)
201 creatures vanquished.

Vanquished Creatures (collateral kills)
  An orc sorcerer (D)
  A deep elf priest (D)
  An orc warrior (D)
  An orc (D)
4 creatures vanquished.

Vanquished Creatures (others)
  2 draconian scorchers (D)
  2 dancing weapons (D)
  3 yaktaurs (D)
  A bush (D)
  11 plants (D)
19 creatures vanquished.

Grand Total: 224 creatures vanquished

Notes
Turn   | Place    | Note
--------------------------------------------------------------
     0 | D        | Kidiri the Spriggan Enchanter began the quest for the Orb.
     0 | D        | Reached XP level 1. HP: 9/9 MP: 5/5
    53 | D        | Killed a yaktaur
   165 | D        | Noticed a scorpion
   168 | D        | Killed a scorpion
   168 | D        | Reached skill level 5 in Dodging
   168 | D        | Reached skill level 7 in Stealth
   168 | D        | Reached XP level 2. HP: 13/13 MP: 5/8
   168 | D        | Reached XP level 3. HP: 16/16 MP: 6/10
   190 | D        | Learned a level 3 spell: Tukima's Dance
   193 | D        | Learned a level 2 spell: Ensorcelled Hibernation
   194 | D        | Killed a white draconian scorcher
   197 | D        | Learned a level 3 spell: Confuse
   205 | D        | Reached skill level 5 in Spellcasting
   210 | D        | Learned a level 3 spell: Dazzling Spray
   263 | D        | Killed a white draconian scorcher
   278 | D        | Noticed a water elemental
   295 | D        | Gained mutation: You have sharp fingernails. [potion of mutation]
   295 | D        | Gained mutation: You are agile. (Dex +2) [potion of mutation]
   296 | D        | Lost mutation: You are agile. (Dex +2) [potion of mutation]
   296 | D        | Gained mutation: Your spells are a little easier to cast, but a little less powerful. [potion of mutation]
   306 | D        | Killed a water elemental
   306 | D        | Reached skill level 8 in Stealth
   306 | D        | Reached skill level 1 in Conjurations
   306 | D        | Reached skill level 5 in Hexes
   306 | D        | Reached skill level 1 in Ice Magic
   306 | D        | Reached XP level 4. HP: 21/21 MP: 11/13
   325 | D        | Noticed a jelly
   326 | D        | Noticed a shadow
   328 | D        | Killed a shadow
   328 | D        | Reached skill level 9 in Dodging
   328 | D        | Reached skill level 10 in Stealth
   328 | D        | Reached XP level 5. HP: 24/24 MP: 13/15
   328 | D        | Reached XP level 6. HP: 28/28 MP: 14/17
   332 | D        | Killed a jelly
   351 | D        | Found a stormy altar of Qazlal.
   352 | D        | Found a sacrificial altar of Ru.
   352 | D        | Found a burning altar of Makhleb.
   352 | D        | Found a viscous altar of Jiyva.
   352 | D        | Found a shimmering altar of Xom.
   352 | D        | Found a shadowy altar of Dithmenos.
   352 | D        | Found a sparkling altar of Nemelex Xobeh.
   352 | D        | Found a corrupted altar of Lugonu.
   352 | D        | Found an opulent altar of Gozag.
   352 | D        | Noticed a spatial vortex
   356 | D        | Became a worshipper of Dithmenos the Shadowed
   377 | D        | Killed a spatial vortex
   377 | D        | Reached skill level 5 in Short Blades
   377 | D        | Reached skill level 10 in Dodging
   377 | D        | Reached skill level 11 in Stealth
   377 | D        | Reached skill level 1 in Invocations
   478 | D        | Found a radiant altar of Vehumet.
   479 | D        | Found a deep blue altar of Sif Muna.
   479 | D        | Found an ancient bone altar of Kikubaaqudgha.
   479 | D        | Noticed a wizard
   484 | D        | Killed a wizard
   498 | D        | Learned a level 4 spell: Olgreb's Toxic Radiance
   522 | D        | Found a glowing silver altar of Zin.
   523 | D        | Found a glowing golden altar of the Shining One.
   523 | D        | Found a white marble altar of Elyvilon.
   523 | D        | Noticed a deep elf priest
   532 | D        | Killed a deep elf priest
   532 | D        | Reached skill level 1 in Poison Magic
   532 | D        | Reached XP level 7. HP: 19/32 MP: 1/20
   669 | D        | Learned a level 6 spell: Poisonous Cloud
   694 | D        | Found an iron altar of Okawaru.
   695 | D        | Found a bloodstained altar of Trog.
   695 | D        | Noticed a human
   695 | D        | Noticed a human
   697 | D        | Killed a human
   700 | D        | Killed a human
   700 | D        | Reached skill level 12 in Stealth
   721 | D        | Found a snail-covered altar of Cheibriados.
   721 | D        | Noticed a necrophage
   722 | D        | Found a basalt altar of Yredelemnul.
   722 | D        | Found a blossoming altar of Fedhas.
   722 | D        | Noticed a necromancer
   723 | D        | Killed a necrophage
   723 | D        | Acquired Dithmenos's first power
   724 | D        | Killed a necromancer
   743 | D        | Noticed Erica
   746 | D        | Killed Erica
   746 | D        | Reached skill level 13 in Stealth
   746 | D        | Reached skill level 10 in Spellcasting
   746 | D        | Reached XP level 8. HP: 36/36 MP: 21/23
   760 | D        | Noticed an earth elemental
   763 | D        | Killed an earth elemental
   768 | D        | Noticed a centaur
   768 | D        | Noticed a centaur warrior
   768 | D        | Noticed a centaur
   770 | D        | Killed a centaur
   770 | D        | Acquired Dithmenos's second power
   772 | D        | Killed a centaur warrior
   772 | D        | Reached skill level 14 in Stealth
   772 | D        | Reached XP level 9. HP: 39/39 MP: 23/25
   773 | D        | Killed a centaur
   793 | D        | Noticed an unseen horror
   795 | D        | Killed an unseen horror
   795 | D        | Reached skill level 5 in Ice Magic
   807 | D        | Noticed a killer bee
   807 | D        | Noticed a killer bee
   807 | D        | Noticed a killer bee
   807 | D        | Noticed a killer bee
   807 | D        | Noticed a killer bee
   807 | D        | Noticed a killer bee
   807 | D        | Noticed a killer bee
   807 | D        | Noticed a killer bee
   807 | D        | Noticed a queen bee
   807 | D        | Noticed a killer bee
   807 | D        | Noticed a killer bee
   807 | D        | Noticed a killer bee
   807 | D        | Noticed a killer bee
   807 | D        | Noticed a killer bee
   807 | D        | Noticed a killer bee
   808 | D        | Noticed a killer bee
   808 | D        | Noticed a killer bee
   808 | D        | Noticed a killer bee
   808 | D        | Noticed a killer bee
   808 | D        | Noticed a killer bee
   808 | D        | Noticed a killer bee
   808 | D        | Noticed a killer bee
   808 | D        | Noticed a killer bee
   808 | D        | Noticed a killer bee
   808 | D        | Noticed a killer bee
   808 | D        | Noticed a killer bee
   808 | D        | Noticed a killer bee
   808 | D        | Noticed a killer bee
   808 | D        | Noticed a killer bee
   808 | D        | Noticed a killer bee
   808 | D        | Noticed a killer bee
   808 | D        | Noticed a killer bee
   808 | D        | Noticed a killer bee
   812 | D        | Killed a killer bee
   812 | D        | Killed a killer bee
   812 | D        | Acquired Dithmenos's third power
   812 | D        | Killed a killer bee
   813 | D        | Killed a killer bee
   813 | D        | Killed a killer bee
   814 | D        | Killed a killer bee
   814 | D        | Killed a killer bee
   814 | D        | Acquired Dithmenos's fourth power
   814 | D        | Reached skill level 5 in Poison Magic
   814 | D        | Killed a killer bee
   814 | D        | Killed a killer bee
   814 | D        | Reached skill level 15 in Stealth
   814 | D        | Killed a killer bee
   814 | D        | Killed a killer bee
   815 | D        | Killed a killer bee
   815 | D        | Killed a killer bee
   815 | D        | Killed a killer bee
   816 | D        | Killed a killer bee
   816 | D        | Killed a killer bee
   816 | D        | Killed a killer bee
   817 | D        | Killed a killer bee
   818 | D        | Killed a killer bee
   818 | D        | Killed a killer bee
   818 | D        | Reached XP level 10. HP: 33/44 MP: 12/27
   818 | D        | Killed a killer bee
   819 | D        | Killed a killer bee
   819 | D        | Killed a killer bee
   823 | D        | Killed a killer bee
   826 | D        | Killed a killer bee
   827 | D        | Killed a queen bee
   828 | D        | Killed a killer bee
   832 | D        | Killed a killer bee
   962 | D        | Killed a killer bee
   964 | D        | Killed a killer bee
   966 | D        | Killed a killer bee
   966 | D        | Killed a killer bee
   986 | D        | Killed a killer bee
  1091 | D        | Noticed a wandering mushroom
  1092 | D        | Noticed a wandering mushroom
  1092 | D        | Noticed a wandering mushroom
  1093 | D        | Killed a wandering mushroom
  1093 | D        | Reached skill level 16 in Stealth
  1093 | D        | Reached skill level 5 in Conjurations
  1095 | D        | Killed a wandering mushroom
  1095 | D        | Reached skill level 10 in Hexes
  1096 | D        | Killed a wandering mushroom
  1137 | D        | Noticed a spiny frog
  1137 | D        | Noticed a komodo dragon
  1137 | D        | Noticed a spiny frog
  1141 | D        | Killed a spiny frog
  1141 | D        | Reached skill level 15 in Dodging
  1143 | D        | Killed a spiny frog
  1148 | D        | Killed a yaktaur
  1152 | D        | Killed a komodo dragon
  1441 | D        | Noticed a redback
  1443 | D        | Killed a redback
  1444 | D        | Noticed a brain worm
  1447 | D        | Killed a brain worm
  1452 | D        | Noticed a brain worm
  1454 | D        | Killed a brain worm
  1459 | D        | Noticed a lindwurm
  1461 | D        | Noticed a redback
  1462 | D        | Killed a lindwurm
  1464 | D        | Killed a redback
  1469 | D        | Noticed a redback
  1473 | D        | Killed a redback
  1473 | D        | Reached skill level 5 in Air Magic
  1482 | D        | Noticed Maud
  1484 | D        | Killed Maud
  1484 | D        | Reached skill level 17 in Stealth
  1484 | D        | Reached XP level 11. HP: 47/47 MP: 29/29
  1535 | D        | Noticed an electric eel
  1536 | D        | Noticed a six-headed hydra
  1536 | D        | Noticed a four-headed hydra
  1537 | D        | Killed an electric eel
  1539 | D        | Killed a six-headed hydra
  1540 | D        | Killed a four-headed hydra
  1580 | D        | Noticed a death drake
  1583 | D        | Killed a death drake
  1590 | D        | Found a blossoming altar of Fedhas.
  1590 | D        | Noticed a spriggan
  1590 | D        | Noticed a spriggan druid
  1590 | D        | Noticed a spriggan
  1592 | D        | Killed a spriggan druid
  1592 | D        | Reached skill level 18 in Stealth
  1593 | D        | Killed a spriggan
  1594 | D        | Killed a spriggan
  1625 | D        | Noticed a swamp drake
  1627 | D        | Killed a swamp drake
  1630 | D        | Noticed a swamp drake
  1631 | D        | Found Qexeruv's Antique Armour Emporium.
  1631 | D        | Found Zimpiv's Food Shop.
  1634 | D        | Killed a swamp drake
  1638 | D        | Found Plog's Book Shoppe.
  1646 | D        | Noticed a swamp dragon
  1650 | D        | Killed a swamp dragon
  1652 | D        | Noticed a four-headed hydra
  1652 | D        | Noticed the 27-headed Lernaean hydra
  1667 | D        | Bought an embroidered robe for 16 gold pieces
  1744 | D        | Noticed a swamp drake
  1744 | D        | Noticed a fire drake
  1745 | D        | Killed a fire drake
  1747 | D        | Killed a swamp drake
  1754 | D        | Noticed a blink frog
  1754 | D        | Noticed a blink frog
  1754 | D        | Noticed a blink frog
  1755 | D        | Noticed a blink frog
  1755 | D        | Noticed a blink frog
  1759 | D        | Killed a blink frog
  1761 | D        | Killed a blink frog
  1776 | D        | Killed a blink frog
  1780 | D        | Killed a blink frog
  1878 | D        | Killed a blink frog
  1878 | D        | Reached skill level 10 in Short Blades
  1984 | D        | Noticed Rupert
  1988 | D        | Killed Rupert
  1988 | D        | Reached skill level 19 in Stealth
  1988 | D        | Reached skill level 15 in Spellcasting
  2060 | D        | Noticed a death yak
  2061 | D        | Noticed a death yak
  2061 | D        | Noticed a blink frog
  2062 | D        | Noticed an azure jelly
  2062 | D        | Noticed a death yak
  2062 | D        | Noticed an azure jelly
  2062 | D        | Noticed a blink frog
  2062 | D        | Noticed a death yak
  2267 | D        | Noticed a black mamba
  2269 | D        | Noticed a blink frog
  2270 | D        | Killed a black mamba
  2270 | D        | Reached XP level 12. HP: 51/51 MP: 29/32
  2272 | D        | Noticed a black mamba
  2471 | D        | Killed a death yak
  2619 | D        | Killed a death yak
  2624 | D        | Killed a death yak
  2763 | D        | Killed a blink frog
  2779 | D        | Killed a blink frog
  2797 | D        | Killed a blink frog
  2810 | D        | Killed a death yak
  2894 | D        | Killed a black mamba
  2966 | D        | Noticed a black mamba
  2967 | D        | Noticed a black mamba
  2967 | D        | Noticed an anaconda
  2968 | D        | Noticed a black mamba
  2969 | D        | Killed an anaconda
  2970 | D        | Killed a black mamba
  2971 | D        | Killed a black mamba
  2971 | D        | Reached skill level 20 in Stealth
  2980 | D        | Killed a black mamba
  3005 | D        | Noticed a water moccasin
  3005 | D        | Noticed an anaconda
  3008 | D        | Killed an anaconda
  3013 | D        | Killed a water moccasin
  3030 | D        | Noticed a black mamba
  3036 | D        | Killed a black mamba
  3039 | D        | Noticed a water moccasin
  3042 | D        | Killed a water moccasin
  3081 | D        | Noticed a naga
  3081 | D        | Noticed a naga
  3082 | D        | Noticed a naga warrior
  3082 | D        | Noticed a greater naga
  3200 | D        | Killed a greater naga
  3376 | D        | Killed a naga
  3415 | D        | Killed a naga
  3426 | D        | Killed a naga warrior
  3442 | D        | Found Asme's Gadget Boutique.
  3442 | D        | Found Mueginig's Antique Armour Emporium.
  3446 | D        | Found Soexo's Magic Scroll Shop.
  3455 | D        | Noticed a guardian serpent
  3457 | D        | Killed a guardian serpent
  3461 | D        | Got a serpentine rune of Zot
  3568 | D        | Noticed an azure jelly
  3568 | D        | Noticed an azure jelly
  3569 | D        | Noticed an elephant
  3569 | D        | Noticed an elephant
  3569 | D        | Noticed a dire elephant
  3569 | D        | Noticed a dire elephant
  3569 | D        | Noticed Gastronok
  3848 | D        | Killed Gastronok
  3854 | D        | Killed an elephant
  4049 | D        | Killed an elephant
  4528 | D        | Killed a dire elephant
  4528 | D        | Reached skill level 21 in Stealth
  4528 | D        | Reached XP level 13. HP: 55/55 MP: 10/34
  4690 | D        | Killed a dire elephant
  4899 | D        | Noticed Harold
  4899 | D        | Noticed Joseph
  4901 | D        | Killed Harold
  4902 | D        | Killed Joseph
  4953 | D        | Noticed an orc wizard
  4954 | D        | Noticed an orc sorcerer
  4955 | D        | Noticed an orc warrior
  4955 | D        | Noticed an orc wizard
  4955 | D        | Noticed an orc priest
  4955 | D        | Noticed an orc sorcerer
  4956 | D        | Noticed an orc knight
  4956 | D        | Noticed an orc wizard
  4957 | D        | Found Zoeli's Antique Weapon Shop.
  4969 | D        | Killed an orc sorcerer
  4970 | D        | Killed an orc priest
  4971 | D        | Killed an orc wizard
  4972 | D        | Killed an orc wizard
  4974 | D        | Killed an orc wizard
  4975 | D        | Killed an orc warrior
  4977 | D        | Killed an orc sorcerer
  4985 | D        | Killed an orc knight
  5451 | D        | Noticed a deep elf knight
  5451 | D        | Noticed a deep elf summoner
  5451 | D        | Noticed a deep elf knight
  5451 | D        | Noticed a deep elf knight
  5451 | D        | Noticed a deep elf summoner
  5459 | D        | Killed a deep elf knight
  5461 | D        | Killed a deep elf summoner
  5465 | D        | Killed a deep elf knight
  5466 | D        | Killed a deep elf knight
  5472 | D        | Killed a deep elf summoner
  5472 | D        | Reached skill level 10 in Poison Magic
  5482 | D        | Noticed a deep elf annihilator
  5744 | D        | Bought a scroll of identify for 28 gold pieces
  5744 | D        | Bought a scroll of identify for 28 gold pieces
  5744 | D        | Bought a scroll of identify for 28 gold pieces
  5744 | D        | Bought a scroll of identify for 28 gold pieces
  5744 | D        | Bought a scroll of identify for 28 gold pieces
  5744 | D        | Bought a scroll of identify for 28 gold pieces
  5744 | D        | Bought a scroll of remove curse for 42 gold pieces
  5747 | D        | Gained mutation: You are somewhat resistant to further mutation. [potion of beneficial mutation]
  5751 | D        | Bought a glowing cloak for 148 gold pieces
  5886 | D        | Bought Sif Muna's Compendium of Earthen Venom for 668 gold pieces
  5886 | D        | Bought a book of Party Tricks for 550 gold pieces
  5888 | D        | Learned a level 1 spell: Apportation
  5891 | D        | Learned a level 2 spell: Cure Poison
  5896 | D        | Learned a level 4 spell: Petrify
  5906 | D        | Learned a level 9 spell: Shatter
  6084 | D        | Killed an azure jelly
  6084 | D        | Reached skill level 22 in Stealth
  6084 | D        | Reached skill level 1 in Translocations
  6084 | D        | Reached skill level 1 in Transmutations
  6084 | D        | Reached skill level 1 in Evocations
  6140 | D        | Killed an azure jelly
  6140 | D        | Reached skill level 1 in Earth Magic
  6162 | D        | Killed an azure jelly
  6252 | D        | Killed an azure jelly
  6348 | D        | Bought a scroll of magic mapping for 49 gold pieces
  6348 | D        | Bought a scroll of blinking for 105 gold pieces
  6543 | D        | Noticed a deep elf demonologist
  6544 | D        | Noticed a deep elf death mage
  6544 | D        | Noticed a deep elf annihilator
  6548 | D        | Noticed a deep elf master archer
  6608 | D        | Noticed a deep elf death mage
  6615 | D        | Killed a deep elf death mage
  6619 | D        | Killed a ghostly deep elf death mage
  6765 | D        | Noticed a deep elf annihilator
  6792 | D        | Killed a deep elf annihilator
  6799 | D        | Killed a deep elf death mage
  7121 | D        | Noticed a Hell Sentinel
  7121 | D        | Killed a deep elf demonologist
  7228 | D        | Killed a deep elf annihilator
  7851 | D        | Killed a yaktaur
  8019 | D        | Killed a deep elf annihilator
  9072 | D        | Killed a deep elf master archer
  9072 | D        | Reached skill level 5 in Translocations
  9072 | D        | Reached skill level 5 in Evocations
  9072 | D        | Reached XP level 14. HP: 59/59 MP: 15/37
  9074 | D        | Got a slimy bone ring
  9075 | D        | Got an encrusted plate armour
  9096 | D        | Identified the Volume of Sinister Execration
  9099 | D        | Got a coiled granite ring
  9101 | D        | Identified the ring of Vuxkixi {Ice rElec rPois Str+2 Int+2} (You took it off a deep elf master archer in the Dungeon)
  9103 | D        | Identified the ring of Fefam {Int+4 Dex+2} (You found it in the Dungeon)
  9178 | D        | Learned a level 2 spell: Stoneskin
  9182 | D        | Learned a level 3 spell: Passwall
  9186 | D        | Learned a level 3 spell: Stone Arrow
  9273 | D        | Noticed an orc priest
  9273 | D        | Noticed an orc high priest
  9274 | D        | Noticed an orc high priest
  9274 | D        | Noticed an orc high priest
  9275 | D        | Killed an orc priest
  9276 | D        | Killed an orc high priest
  9276 | D        | Reached skill level 5 in Transmutations
  9278 | D        | Killed an orc high priest
  9279 | D        | Killed an orc high priest
  9327 | D        | Noticed a spriggan defender
  9328 | D        | Noticed a spriggan defender
  9328 | D        | Noticed a spriggan defender
  9328 | D        | Noticed a spriggan defender
  9329 | D        | Killed a spriggan defender
  9331 | D        | Killed a spriggan defender
  9333 | D        | Killed a spriggan defender
  9334 | D        | Killed a spriggan defender
  9375 | D        | Got a smoking broad axe
  9376 | D        | Identified the +1 broad axe of Lianegua {holy, Dex+2 Stlth+} (You found it in the Dungeon)
  9387 | D        | Noticed a cyan ugly thing
  9389 | D        | Killed a cyan ugly thing
  9389 | D        | Reached skill level 23 in Stealth
  9406 | D        | Noticed a merfolk
  9409 | D        | Killed a merfolk
  9424 | D        | Noticed a white ugly thing
  9425 | D        | Noticed a fire dragon
  9426 | D        | Killed a white ugly thing
  9428 | D        | Killed a fire dragon
  9446 | D        | Noticed a centaur warrior
  9448 | D        | Killed a centaur warrior
  9457 | D        | Noticed a slime creature
  9460 | D        | Killed a slime creature
  9477 | D        | Noticed a trident of protection
  9477 | D        | Noticed a glaive of venom
  9478 | D        | Noticed a dire flail of holy wrath
  9478 | D        | Noticed a battleaxe of freezing
  9479 | D        | Killed a glaive of venom
  9480 | D        | Killed a trident of protection
  9482 | D        | Killed a battleaxe of freezing
  9484 | D        | Killed a dire flail of holy wrath
  9484 | D        | Reached skill level 10 in Ice Magic
  9637 | D        | Noticed an orange crystal statue
  9739 | D        | Killed the 27-headed Lernaean hydra
  9741 | D        | Killed a four-headed hydra
  9749 | D        | Got a decaying rune of Zot
  9819 | D        | Noticed a polar bear simulacrum
  9819 | D        | Noticed a black mamba simulacrum
  9820 | D        | Noticed a black mamba simulacrum
  9820 | D        | Noticed a black mamba simulacrum
  9821 | D        | Killed a black mamba simulacrum
  9822 | D        | Killed a black mamba simulacrum
  9825 | D        | Killed a polar bear simulacrum
  9826 | D        | Killed a black mamba simulacrum
  9831 | D        | Got a smelly leather armour
  9866 | D        | Learned a level 5 spell: Lee's Rapid Deconstruction
 10014 | D        | Noticed a yaktaur captain
 10014 | D        | Noticed a mana viper
 10014 | D        | Noticed a sea snake
 10014 | D        | a mana viper changed into a torpor snail
 10015 | D        | Noticed a shining eye
 10015 | D        | a sea snake changed into a shining eye
 10020 | D        | Gained mutation: You are weak. (Str -2) [a shining eye]
 10021 | D        | Noticed a slime creature
 10021 | D        | Noticed a slime creature
 10021 | D        | Noticed a mana viper
 10021 | D        | a shining eye changed into a giant orange brain
 10022 | D        | Reached skill level 10 in Air Magic
 10032 | D        | Killed a slime creature
 10062 | D        | Killed a yaktaur captain
 10066 | D        | Killed a mana viper
 10070 | D        | Killed a slime creature
 10177 | D        | Noticed a skeletal warrior
 10178 | D        | Noticed an iron golem
 10179 | D        | Killed a skeletal warrior
 10180 | D        | Killed an iron golem
 10197 | D        | Noticed a necromancer
 10199 | D        | Killed a necromancer
 10221 | D        | Noticed a hell knight
 10221 | D        | Noticed a hell knight
 10222 | D        | Noticed a hell knight
 10222 | D        | Noticed a hell knight
 10223 | D        | Killed a hell knight
 10223 | D        | Reached skill level 24 in Stealth
 10224 | D        | Killed a hell knight
 10224 | D        | Reached skill level 5 in Earth Magic
 10226 | D        | Killed a hell knight
 10227 | D        | Killed a hell knight
 10227 | D        | Reached skill level 15 in Hexes
 10335 | D        | Noticed a lich
 10337 | D        | Killed a lich
 10357 | D        | Noticed a sphinx
 10357 | D        | Noticed a sphinx
 10358 | D        | Noticed a guardian mummy
 10359 | D        | Killed a sphinx
 10360 | D        | Killed a sphinx
 10363 | D        | Killed a guardian mummy
 10405 | D        | Noticed a guardian mummy
 10407 | D        | Killed a guardian mummy
 10506 | D        | Noticed a guardian mummy
 10507 | D        | Noticed a guardian mummy
 10508 | D        | Killed a guardian mummy
 10509 | D        | Noticed a guardian mummy
 10510 | D        | Killed a guardian mummy
 10589 | D        | Noticed a mummy priest
 10590 | D        | Killed a guardian mummy
 10591 | D        | Noticed a mummy priest
 10592 | D        | Killed a mummy priest
 10594 | D        | Killed a mummy priest
 10765 | D        | Noticed Chuck
 10765 | D        | Noticed an eye of devastation
 10768 | D        | Killed an eye of devastation
 10771 | D        | Hit by a large rock of returning thrown by Chuck

Vault maps used:
D:        dungeon_sprint_mu

Action                   |  1- 3 |  4- 6 |  7- 9 | 10-12 | 13-15 || total
-------------------------+-------+-------+-------+-------+-------++-------
Melee: Dagger            |    13 |    21 |    13 |   124 |    32 ||   203
       Quick blade       |       |       |       |       |    34 ||    34
 Cast: Ensorcelled Hiber |     3 |       |     6 |    42 |    14 ||    65
       Dazzling Spray    |       |    10 |       |    75 |   128 ||   213
       Tukima's Dance    |       |     2 |       |     8 |     3 ||    13
       Olgreb's Toxic Ra |       |       |     1 |     3 |     2 ||     6
       Poisonous Cloud   |       |       |       |     4 |    13 ||    17
       Confuse           |       |       |       |     3 |     5 ||     8
       Apportation       |       |       |       |       |    21 ||    21
       Passwall          |       |       |       |       |     1 ||     1
       Stoneskin         |       |       |       |       |     1 ||     1
Invok: Shadow Step       |       |       |       |     9 |    19 ||    28
  Use: Potion            |     3 |       |     1 |     1 |     5 ||    10
       Scroll            |     3 |       |       |       |     9 ||    12
 Stab: Sleeping          |     5 |     2 |    11 |    55 |    50 ||   123
       Invisible         |       |     2 |       |     7 |     3 ||    12
       Confused          |       |       |       |     2 |       ||     2
  Eat: Bread ration      |       |       |       |     1 |       ||     1
       Fruit             |       |       |       |       |     5 ||     5
